 Dungeon Crawl Stone Soup version 0.20-a0-77-g476458c (webtiles) character file.

95 KristoblXynda the Chopper (level 4, 0/36 HPs)
             Began as a Draconian Skald on Nov 19, 2016.
             Was an Initiate of Ashenzari.
             Slain by a bullfrog (5 damage)
             ... in a sewer.
             The game lasted 00:03:53 (2469 turns).

KristoblXynda the Chopper (Draconian Skald)         Turns: 2469, Time: 00:03:54

Health: 0/36       AC:  5    Str: 15    XL:     4   Next: 40%
Magic:  7/7        EV: 12    Int: 18    God:    Ashenzari [......]
Gold:   106        SH:  0    Dex: 10    Spells: 1 memorised, 6 levels left

rFire  + . .     SeeInvis .     a - +1 hand axe
rCold  + . .     Gourm    .     (armour unavailable)
rNeg   . . .     Faith    .     (no shield)
rPois  +         Spirit   .     (helmet restricted)
rElec  +         Reflect  .     (no cloak)
rCorr  +         Harm     .     (no gloves)
MR     .....                    (no boots)
Stlth  +.........               (no amulet)
                                (no ring)
                                (no ring)

@: confused, brilliant, resistant
A: unfitting armour, cold-blooded, AC +5
a: Curse Item, Renounce Religion


You were in a sewer.
You worshipped Ashenzari.
Ashenzari was noncommittal.
You were not hungry.

You visited 1 branch of the dungeon, and saw 4 of its levels.
You also visited: Sewer.

You collected 106 gold pieces.

Inventory:

Hand Weapons
 a - a +1 hand axe (weapon)
Scrolls
 g - a scroll of identify
 h - 2 scrolls of remove curse
Potions
 d - a potion of cure mutation
 j - a potion of mutation {unknown}
Books
 b - a book of Battle

   Spells                             Type                      Level
   a - Infusion                       Charms                       1
   b - Shroud of Golubria             Charms/Translocation         2
   c - Song of Slaying                Charms                       2
   d - Spectral Weapon                Hexes/Charms                 3
   e - Regeneration                   Charms/Necromancy            3
Comestibles
 c - 2 bread rations


   Skills:
 - Level 2.1 Fighting
 + Level 3.3 Axes
 + Level 2.7 Dodging
 - Level 2.0 Spellcasting
 + Level 3.2 Charms


You had 6 spell levels left.
You knew the following spells:

 Your Spells              Type           Power        Failure   Level  Hunger
a - Infusion              Chrm           ###.         1%          1    #......


Dungeon Overview and Level Annotations

Branches:
Dungeon (3/15)

Altars:
Ashenzari
Gozag
Okawaru


Innate Abilities, Weirdness & Mutations

Your plain brown scales are hard. (AC +5)
You cannot fit into any form of body armour.
You are cold-blooded and may be slowed by cold attacks.


Message History

Your surroundings seem slightly different.
The bullfrog hits you.
* * * LOW HITPOINT WARNING * * *
Unknown command.
Unknown command.
It was a potion of resistance.
You feel protected.
The bullfrog hits you but does no damage.
The bullfrog closely misses you. The bullfrog hits you.
* * * LOW HITPOINT WARNING * * *
Unknown command.
It was a potion of brilliance.
You feel clever all of a sudden. The bullfrog closely misses you.
The bullfrog hits you.
* * * LOW HITPOINT WARNING * * *
Unknown command.
It was a potion of ambrosia.
You are confused.
You feel invigorated. The bullfrog hits you.
You die...

≈≈≈≈≈≈≈≈≈≈≈≈≈≈≈≈≈≈≈≈≈≈≈≈≈≈≈≈≈≈.#
≈≈≈.≈.........≈≈≈≈≈≈≈≈≈†..≈≈≈≈.#
≈≈.#######≈≈≈≈≈≈≈≈≈≈≈≈≈≈≈≈.≈≈≈.#
≈≈≈# #≈≈≈≈≈≈≈≈≈≈≈≈≈≈≈≈≈≈.≈≈≈≈#
≈≈.# #≈≈≈≈≈≈≈≈≈≈.≈≈≈≈≈≈≈≈≈≈≈≈#
≈≈.# #≈≈≈≈≈≈≈≈.≈≈.≈.≈≈≈≈≈≈≈≈≈≈#
≈≈≈# #≈≈≈≈≈≈≈.}≈≈..≈≈≈≈≈≈≈≈≈≈≈#
≈≈≈# #≈≈≈≈≈≈.)=FF...≈≈≈≈≈≈≈≈≈≈#
≈≈≈# #≈≈≈≈≈≈≈.!@≈.≈≈≈≈≈≈≈≈≈≈≈≈#
≈≈≈# #≈≈≈≈≈≈...≈≈...≈≈≈≈≈≈≈≈≈≈#
≈≈.# ##≈≈≈≈≈≈≈≈≈≈≈≈∩≈≈≈≈#≈≈≈≈.#
≈≈.# ≈≈≈≈≈≈≈≈≈≈≈≈≈≈≈##≈≈≈†≈#
≈≈≈# #≈≈≈≈≈≈≈≈≈≈≈≈####≈≈≈≈†#
≈≈≈# ####≈≈≈≈≈≈#### #≈≈≈≈.# ≈≈.#
######## #.≈≈≈.# ≈≈.# #≈≈≈≈.#
≈≈.# #≈≈≈≈.#


You could see 2 bullfrogs.

Vanquished Creatures
  2 adders
  A worm (D:2)
  A dart slug (D:1)
  4 leopard geckos
  3 orcs
  8 giant cockroaches
  5 goblins
  10 hobgoblins
  5 ball pythons
  6 bats
  10 frilled lizards
  2 kobolds
  8 rats
65 creatures vanquished.

Notes
Turn   | Place    | Note
-------+----------+-------------------------------------------
     0 | D:1      | KristoblXynda the Draconian Skald began the quest for the Orb.
     0 | D:1      | Reached XP level 1. HP: 17/17 MP: 3/3
    58 | D:1      | Reached XP level 2. HP: 8/24 MP: 5/5
   976 | D:1      | Reached XP level 3. HP: 29/29 MP: 6/6
  1477 | D:2      | Found an iron altar of Okawaru.
  1564 | D:2      | Found a shattered altar of Ashenzari.
  1728 | D:2      | Became a worshipper of Ashenzari the Shackled
  1788 | D:2      | Found an opulent altar of Gozag.
  2008 | D:3      | You fall through a shaft for 2 floors!
  2008 | D:5      | Entered Level 5 of the Dungeon
  2029 | D:5      | Found a glowing drain.
  2059 | D:5      | Reached XP level 4. HP: 28/36 MP: 7/7
  2076 | Sewer    | Entered a sewer
  2453 | Sewer    | Noticed a bullfrog
  2454 | Sewer    | Noticed a bullfrog
  2468 | Sewer    | HP: 1/36 [bullfrog (4)]
  2469 | Sewer    | Slain by a bullfrog

Vault maps used:
D:1:      erik_arrival_cave_to_civilisation
D:2:      grunt_gozag_breadcrumbs, nicolae_ashenzari_panopticon,
          kennysheep_okawaru_gauntlet, first_bread
D:5:      basic_altar, portal_sewer_entry_c
Sewer:    sewer_frog_island_01

Skill      XL: |  1  2  3 |
---------------+----------+-----
Dodging        | 2 |  2.7
Charms         | 3 |  3.2
Axes           | 3 |  3.3
Fighting       | |  2.1
Spellcasting   | |  2.0

Action                   |  1- 3 |  4- 6 || total
-------------------------+-------+-------++-------
Melee: Hand axe          |   122 |    67 ||   189
       Tailslap          |    18 |     1 ||    19
  Use: Potion            |       |     7 ||     7
       Scroll            |       |     4 ||     4
  Eat: Chunk             |     2 |       ||     2
       Bread ration      |     1 |       ||     1
Armor: Skin              |    34 |    25 ||    59
Dodge: Dodged            |    87 |    87 ||   174
